 Dungeon Crawl Stone Soup version 0.28-a0-779-g3d1f99b579 (webtiles) character file.

Game seed: 4504454827019857353

2108 flotson the Chopper (level 9, 0/79 HPs)
             Began as a Hill Orc Delver on Nov 2, 2021.
             Slain by an acid dragon (8 damage)
             ... on level 7 of the Dungeon.
             The game lasted 00:11:59 (7280 turns).

flotson the Chopper (Hill Orc Delver)               Turns: 7280, Time: 00:12:00

Health: 0/79       AC: 10    Str: 18    XL:     9   Next: 28%
Magic:  9/9        EV: 13    Int: 10    God:
Gold:   383        SH:  0    Dex: 12    Spells: 8/8 levels left

rFire   + . .      SeeInvis .   b - +0 morningstar (protect)
rCold   . . .      Faith    .   (no shield)
rNeg    . . .      Spirit   .   t - +2 robe {Will+}
rPois   .          Reflect  .   u - +2 helmet
rElec   .          Harm     .   (no cloak)
rCorr   .          Rampage  .   (no gloves)
Will    +....                   (no boots)
Stlth   ++........              (no amulet)
HPRegen 0.23/turn               j - +4 ring of protection
MPRegen 0.11/turn               F - ring of protection from fire

@: brilliant, corroded, under a protective aura
A: no striking features
a: no special abilities


You were on level 7 of the Dungeon.
You visited 1 branch of the dungeon, and saw 7 of its levels.

You collected 383 gold pieces.

Inventory:

Hand Weapons
 a - a +2 vorpal flail
 b - a +0 morningstar of protection (weapon)
 f - a +2 whip of freezing
 D - a +0 war axe
 E - a +2 dagger of venom
Missiles
 o - 50 poisoned darts (quivered)
 y - 6 boomerangs
Armour
 h - a +0 leather armour
 t - a +2 robe of willpower (worn)
 u - a +2 helmet (worn)
Jewellery
 j - a +4 ring of protection (left hand)
 F - a ring of protection from fire (right hand)
Wands
 g - a wand of digging (3)
 C - a wand of polymorph (6)
Scrolls
 c - 3 scrolls of fog
 d - 2 scrolls of magic mapping
 e - a scroll of fear
 k - a scroll of enchant weapon {unknown}
 l - 2 scrolls of enchant armour {unknown}
 m - 2 scrolls of amnesia {unknown}
 n - 2 scrolls of identify {unknown}
 p - 2 scrolls of noise {unknown}
 s - a scroll of vulnerability {unknown}
 v - 2 scrolls of teleportation {unknown}
 x - a scroll of immolation {unknown}
Potions
 i - 5 potions of curing
 q - a potion of invisibility {unknown}
 r - a potion of brilliance
 w - a potion of mutation {unknown}
 z - a potion of magic {unknown}
 A - a potion of resistance {unknown}
 B - a potion of flight {unknown}


   Skills:
 + Level 7.4 Fighting
 + Level 7.5 Axes
 + Level 4.2 Throwing
 + Level 5.8 Armour
 + Level 4.7 Dodging
 - Level 4.1 Stealth


You had 8 spell levels left.
You didn't know any spells.
Your spell library contained the following spells:

 Spells                   Type           Power      Damage    Failure   Level
 Animate Skeleton         Necr           0%         N/A       36%         1
 Apportation              Tloc           0%         N/A       36%         1
 Summon Small Mammal      Summ           0%         N/A       36%         1
 Conjure Flame            Conj/Fire      0%         6-21      75%         3
 Ignite Poison            Fire/Tmut/Pois 0%         N/A       75%         3
 Leda's Liquefaction      Hex/Erth       0%         N/A       98%         4
 Sticky Flame             Conj/Fire      0%         2d3       98%         4
 Lee's Rapid Deconstruct  Erth           0%         3d5*      100%        5
 Statue Form              Tmut/Erth      0%         N/A       100%        6


Dungeon Overview and Level Annotations

Branches:
Dungeon (7/15)
 Temple: D:4-7

Altars:
Gozag
Kikubaaqudgha


Message History

You closely miss the acid dragon.
The acid dragon is heavily wounded.
The acid dragon spits acid at you. The splash of acid hits you!
The acid corrodes you! The acid dragon closely misses you.
The acid dragon claws you.
You hit the acid dragon but do no damage.
The acid dragon is heavily wounded.
The acid dragon bites you!
The acid dragon claws you but does no damage.
You are too injured to fight recklessly!
You are too injured to fight recklessly!
You are too injured to fight recklessly!
You are too injured to fight recklessly!
You closely miss the acid dragon.
The acid dragon is heavily wounded.
The acid dragon closely misses you. The acid dragon barely misses you.
You hit the acid dragon but do no damage.
The acid dragon is heavily wounded.
The acid dragon bites you but does no damage.
The acid dragon claws you but does no damage.
You barely miss the acid dragon.
The acid dragon is heavily wounded.
The acid dragon closely misses you. The acid dragon misses you. x2
The acid dragon claws you but does no damage.
You closely miss the acid dragon.
The acid dragon is heavily wounded.
The acid dragon spits acid at you. The splash of acid hits you!!
* * * LOW HITPOINT WARNING * * *
You hit the acid dragon.
Your weapon exudes an aura of protection.
The acid dragon is heavily wounded.
The acid dragon bites you.
* * * LOW HITPOINT WARNING * * *
The acid dragon claws you.
* * * LOW HITPOINT WARNING * * *
It was a potion of brilliance.
You feel clever all of a sudden. The acid dragon bites you!
You die...

...# #.#
#.......# #..#
#.# .#
##.....## ..##
#.# ##...##
.## ##.##
##.## .#
##...#####.#
.#
##.......##.#
.#
##.....##.##.#
##
#....##......#
#..D@#.##.####
#.#.#.# #.#
#.#.###.#
#.#...(.#
#.#####.# #.
#.# #. #.# #.
#.# ..#


You could see an acid dragon (catching breath).

Vanquished Creatures
  Pikel (D:3)
  Menkaure (D:4)
  A water moccasin (D:6)
  An orc warrior (D:6)
  A sky beast (D:5)
  A bullfrog (D:6)
  6 scorpions
  2 bullfrog zombies (D:5)
  2 centaur zombies
  2 jellies
  4 hounds
  2 bullfrog skeletons (D:7)
  3 iguanas (D:5)
  4 orc wizards
  A hound skeleton (D:5)
  Robin (D:3)
  5 adders
  4 gnolls (D:4)
  2 white imps
  2 worms (D:5)
  7 dart slugs
  17 orcs
  6 endoplasms
  2 giant cockroaches
  12 hobgoblins
  2 jackals (D:3)
  3 quokkas
  5 ball pythons
  4 bats
  5 frilled lizards
  19 goblins
  9 kobolds
  10 rats
147 creatures vanquished.

Notes
Turn   | Place    | Note
-------+----------+-------------------------------------------
     0 | D:5      | flotson the Hill Orc Delver began the quest for the Orb.
     0 | D:5      | Reached XP level 1. HP: 19/19 MP: 1/1
    31 | D:5      | Reached XP level 2. HP: 12/27 MP: 2/2
   390 | D:1      | Reached skill level 1 in Armour
   499 | D:1      | Reached XP level 3. HP: 33/33 MP: 3/3
  1292 | D:2      | Noticed a phantom
  1423 | D:2      | Reached XP level 4. HP: 40/40 MP: 4/4
  1600 | D:2      | Found a faded altar of an unknown god.
  2223 | D:3      | Reached XP level 5. HP: 18/47 MP: 5/5
  2605 | D:4      | Noticed Pikel
  2605 | D:4      | Noticed a lemure
  2605 | D:4      | Noticed a lemure
  2605 | D:4      | Noticed a lemure
  2605 | D:4      | Noticed a lemure
  2883 | D:3      | Killed Pikel
  2884 | D:3      | Reached skill level 5 in Fighting
  2884 | D:3      | Reached skill level 5 in Axes
  2884 | D:3      | Reached XP level 6. HP: 29/56 MP: 6/6
  2884 | D:3      | Reached XP level 7. HP: 32/61 MP: 7/7
  3369 | D:4      | Noticed Menkaure
  3643 | D:4      | Reached XP level 8. HP: 48/70 MP: 8/8
  3769 | D:4      | Noticed Robin
  3883 | D:3      | Killed Robin
  4075 | D:4      | Killed Menkaure
  4305 | D:4      | Found an opulent altar of Gozag.
  5321 | D:5      | Reached skill level 5 in Armour
  5763 | D:6      | Reached XP level 9. HP: 65/79 MP: 9/9
  6297 | D:6      | Found an ancient bone altar of Kikubaaqudgha.
  7280 | D:7      | Slain by an acid dragon

Illustrated notes

Levels and vault maps discovered:
D:1:      psy_arrival_fountain, layout_basic, nrook_mini_backslash,
          amcnicky_mini_pool_small
D:2:      layout_rooms, ebering_ecumenical_altar_webs
D:3:      minmay_wonky_spiral, layout_rooms, minmay_misc_feat_doors,
          guppyfry_early_orc_mine
D:4:      layout_cave_pools, mainiacjoe_overflow_alcove_2, uniq_menkaure,
          uniq_robin, uniq_pikel
D:5:      layout_basic
D:6:      layout_basic, lemuel_doored_altar
D:7:      layout_loops_ring, nemelex_dance_club_becter, minitemple,
          temple_doors_ab

Skill      XL: |  1  2  3  4  5  6  7  8  9 |
---------------+----------------------------+-----
Axes           | 3 5 7 |  7.5
Armour         | 1 2 3 4 5 |  5.8
Fighting       | 4 5 6 7 |  7.4
Dodging        | 2 3 4 |  4.7
Throwing       | 2 3 4 |  4.2
Stealth        | |  4.1

Action                   |  1- 3 |  4- 6 |  7- 9 || total
-------------------------+-------+-------+-------++-------
Melee: Hand axe          |    50 |       |       ||    50
       Dagger            |    41 |    75 |       ||   116
       Whip              |       |       |   337 ||   337
       Morningstar       |       |       |    65 ||    65
       Flail             |       |       |    14 ||    14
Throw: Dart              |       |     9 |     2 ||    11
  Use: Potion            |       |     1 |     1 ||     2
 Stab: Sleeping          |     6 |     5 |     9 ||    20
       Distracted        |       |     1 |     1 ||     2
Armor: Leather armour    |    29 |    42 |       ||    71
       Robe              |       |       |   167 ||   167
Dodge: Dodged            |    43 |    54 |   237 ||   334

Table legend: (Time is in decaauts)
 A = Elapsed time spent in this place.
 B = Non-inter-level travel time spent in this place.
 C = Inter-level travel time spent in this place.
 D = Time resting spent in this place.
 E = Time spent auto-exploring this place.
 F = Levels seen in this place.
 G = Mean time per level.
                   A        B        C        D        E       F      G
               +--------+--------+--------+--------+--------+-----+--------+
         Total |   7292 |   6775 |    517 |    261 |   4997 |   7 | 1041.7 |
       Dungeon |   7292 |   6775 |    517 |    261 |   4997 |   7 | 1041.7 |
               +--------+--------+--------+--------+--------+-----+--------+

Top non-repeatable levels by time:
     D:5: 1733 daAuts
     D:3: 1460 daAuts
     D:4: 1281 daAuts
     D:6: 1191 daAuts
     D:1: 855 daAuts
     D:2: 630 daAuts
     D:7: 139 daAuts
